 Dungeon Crawl Stone Soup version 0.18.1-48-g4cf74bf (webtiles) character file.

61 Ratgod the Chopper (level 4, 0/39 HPs)
             Began as a Hill Orc Gladiator on June 29, 2016.
             Succumbed to an adder's poison
             ... on level 2 of the Dungeon.
             The game lasted 00:03:28 (1491 turns).

Ratgod the Chopper (Hill Orc Gladiator)             Turns: 1491, Time: 00:03:29

Health: 0/39       AC:  4    Str: 18    XL:     4   Next: 7%
Magic:  4/4        EV: 12    Int:  8    God:
Gold:   99         SH:  0    Dex: 11    Spells: 0 memorised, 3 levels left

rFire  . . .     SeeInvis .     a - +0 war axe
rCold  . . .     Gourm    .     b - +0 leather armour
rNeg   . . .     Faith    .     (no shield)
rPois  .         Spirit   .     c - +0 helmet
rElec  .         Dismiss  .     (no cloak)
rCorr  .         Reflect  .     (no gloves)
SustAt .         Harm     .     (no boots)
MR     .....                    (no amulet)
Stlth  +.........               (no ring)
                                (no ring)

@: lethally poisoned (0 -> -1), not resistant to hostile enchantments, very
unstealthy
A: screaming 1, wild magic 1
a: no special abilities


You were on level 2 of the Dungeon.
You were not hungry.

You visited 1 branch of the dungeon, and saw 2 of its levels.

You collected 99 gold pieces.

Inventory:

Hand Weapons
 a - a +0 war axe (weapon)
Missiles
 d - 3 throwing nets (quivered)
Armour
 b - a +0 leather armour (worn)
 c - a +0 helmet (worn)
 m - a +2 hat
Scrolls
 e - 2 scrolls of identify
 g - 2 scrolls of enchant weapon
Comestibles
 f - 3 bread rations
 h - a meat ration
 i - 4 chunks of flesh
 k - a slice of pizza


   Skills:
 + Level 3.6 Fighting
 * Level 5.6 Axes
 - Level 1.7 Throwing
 - Level 2.4 Dodging


You had 3 spell levels left.
You didn't know any spells.

Dungeon Overview and Level Annotations

Branches:
Dungeon (2/15)

Altars:
Cheibriados


Innate Abilities, Weirdness & Mutations

You occasionally shout uncontrollably at your foes.
Your spells are a little harder to cast, but a little more powerful.


Message History

* * * LOW HITPOINT WARNING * * *
You feel sick.
There is a stone staircase leading down here.
* * * LOW HITPOINT WARNING * * *
You feel sick.
* * * LOW HITPOINT WARNING * * *
You feel sick.
* * * LOW HITPOINT WARNING * * *
You feel sick.
* * * LOW HITPOINT WARNING * * *
You feel sick.
* * * LOW HITPOINT WARNING * * *
You feel sick.
* * * LOW HITPOINT WARNING * * *
You feel sick.
A goblin comes into view.
You shout at the goblin!
You hear a shout!
A quokka comes into view.
You die...

##......_..........##############
...####...###.............#...###
#### ##.## #......######.#.#....
#.# #.#.........#.#.#....
#.####.#........)#.#.#....
***#......#.........#.#)#....
*,,..,*###.........##.#.#....
*,,,,,* #....<###.##.#.#....
******* #..@..#*#.##.#.#.<..
#.......#.##.#.#....
#.....#.#.##.#.#....
#.....#.#.##.......#
********#g....#,#.##.......#
***,,,,,,,.r....#,#.##.......#
*,,,,,,,*......##,#.##.#.#....
*,,,,,,,#......#*,#.##.#.#....
*,,,,,,,*,,,,,,**,#.##.#.#....


You could see a quokka and a goblin.

Vanquished Creatures
  2 adders (D:2)
  An ooze (D:1)
  7 bats
  A giant cockroach (D:1)
  6 goblins
  6 hobgoblins
  7 kobolds
  A quokka (D:2)
  A ball python (D:2)
  2 giant newts (D:2)
  3 rats
37 creatures vanquished.

Notes
Turn   | Place    | Note
--------------------------------------------------------------
     0 | D:1      | Ratgod the Hill Orc Gladiator began the quest for the Orb.
     0 | D:1      | Reached XP level 1. HP: 18/18 MP: 1/1
   222 | D:1      | Reached XP level 2. HP: 20/25 MP: 2/2
   484 | D:2      | Reached XP level 3. HP: 12/31 MP: 3/3
   500 | D:2      | Found a snail-covered altar of Cheibriados.
   506 | D:2      | Reached skill level 5 in Axes
  1463 | D:2      | Gained mutation: You occasionally shout uncontrollably at your foes. [potion of mutation]
  1463 | D:2      | Gained mutation: Your spells are a little harder to cast, but a little more powerful. [potion of mutation]
  1464 | D:2      | Reached XP level 4. HP: 10/39 MP: 4/4
  1483 | D:2      | HP: 1/39 [poisoned by an adder]
  1491 | D:2      | Succumbed to an adder's poison

Skill      XL: |  1  2  3 |
---------------+----------+-----
Fighting       | 3 |  3.6
Axes           | 5 |  5.6
Throwing       | |  1.7
Dodging        | |  2.4

Action                   |  1- 3 |  4- 6 || total
-------------------------+-------+-------++-------
Melee: War axe           |   118 |       ||   118
  Use: Scroll            |     4 |       ||     4
       Potion            |     1 |       ||     1
  Eat: Chunk             |     2 |       ||     2
Armor: Leather armour    |    41 |       ||    41
Dodge: Dodged            |    81 |       ||    81
